 Dungeon Crawl Stone Soup version 0.30-b1-2-g02819fbbbe (webtiles) character file.

Game seed: 836495728072412075

108 snakesoul the Digger (level 4, -3/24 HPs)
             Began as a Gargoyle Earth Elementalist on May 30, 2023.
             Killed from afar by an orc wizard (12 damage)
             ... with a puff of flame
             ... on level 2 of the Dungeon.
             The game lasted 00:02:47 (1670 turns).

snakesoul the Digger (Gargoyle Earth Elementalist)  Turns: 1670, Time: 00:02:47

Health: -3/24      AC:  5    Str: 11    XL:     4   Next: 87%
Magic:  0/8        EV: 11    Int: 18    God:
Gold:   38         SH:  0    Dex: 10    Spells: 3/9 levels left

rFire   . . .        e - +0 short sword (venom)
rCold   . . .        (no shield)
rNeg    + . .        a - +0 robe
rPois   ∞            (no helmet)
rElec   +            (no cloak)
rCorr   .            (no gloves)
SInv    .            (no boots)
Will    .....        (no amulet)
Stlth   ++           (no ring)
HPRegen 0.24/turn    (no ring)
MPRegen 0.11/turn

%: no passive effects
@: no status effects
A: sickness immunity, AC +3, negative energy resistance 1, electricity
resistance, torment resistance 1, petrification resistance
a: no special abilities


You were on level 2 of the Dungeon.
You visited 1 branch of the dungeon, and saw 2 of its levels.

You collected 103 gold pieces.
You spent 65 gold pieces at shops.

Inventory:

Hand Weapons
 e - a +0 short sword of venom (weapon)
Missiles
 c - 24 stones
Armour
 a - a +0 robe (worn)
Scrolls
 d - a scroll of summoning {unknown}
 f - a scroll of enchant armour {unknown}
 g - 2 scrolls of teleportation {unknown}
 h - a scroll of immolation {unknown}
 j - a scroll of enchant weapon {unknown}
 k - a scroll of amnesia {unknown}
 m - a scroll of magic mapping {unknown}
Potions
 b - a potion of magic
 i - a potion of heal wounds
 l - 2 potions of lignification {unknown}


   Skills:
 - Level 1.5 Dodging
 - Level 2.1 Stealth
 + Level 3.0 Spellcasting
 + Level 2.1 Transmutations
 + Level 4.8 Earth Magic


You had 3 spell levels left.
You knew the following spells:

 Your Spells              Type           Power      Damage    Failure   Level
a - Sandblast             Erth           40%        2d10      2%          1
b - Stone Arrow           Conj/Erth      22%        3d8       19%         3
c - Passwall              Tmut/Erth      12%        N/A       6%          2

Your spell library contained the following spells:

 Spells                   Type           Power      Damage    Failure   Level
 Beastly Appendage        Tmut           20%        N/A       7%          1
 Wereblood                Tmut           10%        N/A       10%         2
 Lesser Beckoning         Tloc           4%         N/A       24%         2
 Spider Form              Tmut/Pois      6%         N/A       30%         3
 Gell's Gravitas          Tloc           2%         N/A       43%         3
 Teleport Other           Tloc           2%         N/A       43%         3
 Petrify                  Tmut/Erth      15%        N/A       36%         4


Dungeon Overview and Level Annotations

Branches:
Dungeon (2/15)

Altars:

Shops:
D:1 ?   D:2 !


Innate Abilities, Weirdness & Mutations

You are immune to sickness and miasma.
Your stone body is resilient. (AC +3)
You are immune to poison.
You resist negative energy. (rN+)
You are resistant to electric shocks. (rElec)
You are resistant to unholy torment.
You are immune to petrification.


Message History

Your Spellcasting skill increases to level 3!
You can't see any susceptible monsters within range! (Use Z to cast anyway.)
You hear some strange, mumbled words.
Something tries to affect you, but you resist.
A magic dart appears from out of thin air!
The magic dart hits you.
Casting: Sandblast (safe; 2% risk of failure)
Confirm with . or Enter, or press ? or * to list all spells.
Aiming: Sandblast (safe; 2% risk of failure)
Press: ? - help, Shift-Dir - straight line The blast of sand hits something.
Casting: Sandblast (safe; 2% risk of failure)
Confirm with . or Enter, or press ? or * to list all spells.
Aiming: Sandblast (safe; 2% risk of failure)
Press: ? - help, Shift-Dir - straight line The blast of sand hits something.
Casting: Sandblast (safe; 2% risk of failure)
Confirm with . or Enter, or press ? or * to list all spells.
Aiming: Sandblast (safe; 2% risk of failure)
Press: ? - help, Shift-Dir - straight line The blast of sand hits something!
Something hits you. x2
You closely miss something.
An orc wizard appears from thin air!
Reactivating autopickup.
The orc wizard points at you and mumbles some strange words.
You resist with some effort.
You miss the orc wizard.
The orc wizard is almost dead.
The orc wizard gestures at you while chanting.
You resist with some effort.
You closely miss the orc wizard.
The orc wizard is almost dead.
The orc wizard mumbles some strange words.
The orc wizard flickers and vanishes!
Deactivating autopickup; reactivate with Ctrl-A.
You miss something.
You hear some strange, mumbled words.
A puff of flame appears from out of thin air!
The puff of flame hits you!
Ouch! That really hurt!
You die...

#..........# #.# ##...
##........## #.### #....
##........## #...# #....
##......∩...# #.#.# #....
##...........# #.#.## #.###
#..<...<.....# #.#..# #.#
#.###.###....## #.##.####.# #
♣.♣ #.....######.##...##.###
#.#♣♣.♣♣#......@{...............
#............#######.####.#..###
###♣♣.♣♣#....)..####.####...####
♣.♣ #.....#................. #.#
#....>#####....###......
#.###.###....#.....# #.###.#
#.....# ####..###### ### ###
#####.. #..##♣P♣P♣P


P♣P♣P ##.# ###.......... ).... There were no monsters in sight!

Vanquished Creatures
  An orc priest (D:2)
  An orc wizard (D:2)
  An adder (D:2)
  An adder zombie (D:2)
  A worm (D:2)
  2 dart slugs (D:1)
  An orc (D:2)
  A bat skeleton (D:2)
  2 endoplasms (D:1)
  2 giant cockroaches
  2 goblins
  2 hobgoblins
  5 kobolds
  A quokka (D:1)
  A ball python (D:2)
  A ball python skeleton (D:2)
  2 ball python zombies (D:2)
  2 bats (D:2)
  3 frilled lizards
  A quokka skeleton (D:2)
  A quokka zombie (D:2)
  3 rats
37 creatures vanquished.

Notes
Turn   | Place    | Note
-------+----------+-------------------------------------------
     0 | D:1      | snakesoul the Gargoyle Earth Elementalist began the quest
                  | for the Orb.
     0 | D:1      | Reached XP level 1. HP: 10/10 MP: 3/3
   177 | D:1      | Reached skill level 1 in Transmutations
   285 | D:1      | Reached XP level 2. HP: 9/15 MP: 0/5
   425 | D:1      | Found a faded altar of an unknown god.
   543 | D:1      | Reached skill level 4 in Earth Magic
   765 | D:1      | Found Kedwosen's Magic Scroll Shoppe.
  1005 | D:2      | Found Burou's Distillery.
  1019 | D:2      | Bought a potion of heal wounds for 65 gold pieces
  1043 | D:2      | Reached XP level 3. HP: 19/19 MP: 1/6
  1391 | D:2      | Learned a level 3 spell: Stone Arrow
  1394 | D:2      | Learned a level 2 spell: Passwall
  1648 | D:2      | Reached XP level 4. HP: 13/24 MP: 2/8
  1670 | D:2      | Killed from afar by an orc wizard

Illustrated notes

Levels and vault maps discovered:
D:1:      dpeg_arrival_three_same_balls, layout_loops_cross,
          hellmonk_ecumenical_altar_defaced_shrine, serial_shops,
          nicolae_shop_tiny_waterfront
D:2:      cheibrodos_pilgrimage, layout_rooms, serial_undead, serial_undead_c,
          serial_undead_f, serial_undead_a, serial_undead_f, serial_shops, shop,
          minmay_tree_intersection, dreamdust_princess_corridor

Skill      XL: |  1  2  3  4 |
---------------+-------------+-----
Transmutations | 1 2 |  2.1
Earth Magic    | 4 |  4.8
Spellcasting   | 3 |  3.0
Dodging        | |  1.5
Stealth        | |  2.1

Action                     |  1- 3 |  4- 6 || total
---------------------------+-------+-------++-------
  Melee: Club              |     2 |       ||     2
         Short sword       |     1 |     4 ||     5
   Cast: Sandblast         |    60 |     5 ||    65
 Armour: Robe              |     5 |       ||     5
  Dodge: Dodged            |     7 |       ||     7
